 Dungeon Crawl Stone Soup version 0.22-a0-166-g5351223 (webtiles) character file.

184 Borgoz the Skirmisher (level 5, -2/42 HPs)
             Began as a Demonspawn Abyssal Knight on Feb 13, 2018.
             Was a Believer of Lugonu.
             Killed by nerve-wracking pain
             ... invoked by Grinder
              (11 damage)
             ... on level 3 of the Dungeon.
             The game lasted 00:04:39 (1842 turns).

Borgoz the Skirmisher (Demonspawn Abyssal Knight)   Turns: 1842, Time: 00:04:40

Health: -2/42      AC: 10    Str: 13    XL:     5   Next: 36%
Magic:  7/7        EV: 12    Int: 13    God:    Lugonu [**....]
Gold:   175        SH:  0    Dex: 13    Spells: 4/4 levels left

rFire    . . .     SeeInvis .   a - +1 hand axe
rCold    + . .     Gourm    .   (no shield)
rNeg     . . .     Faith    .   b - +0 leather armour
rPois    .         Spirit   .   (no helmet)
rElec    .         Reflect  .   (no cloak)
rCorr    .         Harm     .   (no gloves)
MR       .....                  (no boots)
Stlth    +.........             (no amulet)
HPRegen  0.14/turn              g - +3 ring of protection
MPRegen  0.10/turn              l - +4 ring of protection

@: berserk cooldown, slowed, very slow
A: cold resistance 1, powered by death 2
a: Depart the Abyss, Bend Space, Renounce Religion


You were on level 3 of the Dungeon.
You worshipped Lugonu.
Lugonu was pleased with you.
You were hungry.

You visited 1 branch of the dungeon, and saw 3 of its levels.
You visited the Abyss 1 time.

You collected 175 gold pieces.

Inventory:

Hand Weapons
 a - a +1 hand axe (weapon)
Armour
 b - a +0 leather armour (worn)
Jewellery
 g - a +3 ring of protection (left hand)
 l - a +4 ring of protection (right hand)
Scrolls
 e - 2 scrolls of fear {unknown}
 f - a scroll of teleportation {unknown}
 h - a scroll of remove curse
 i - a scroll of blinking {unknown}
Potions
 d - a potion of flight {unknown}
 m - a potion of curing {unknown}
 o - a potion of heal wounds {unknown}
Comestibles
 c - 4 rations
 k - 4 chunks of flesh


   Skills:
 + Level 3.8 Fighting
 * Level 2.9 Axes
 + Level 2.6 Armour
 + Level 2.1 Dodging
 + Level 3.7 Invocations


You had 4 spell levels left.
You didn't know any spells.

Dungeon Overview and Level Annotations

Branches:
Dungeon (3/15)

Altars:

Annotations:
D:3 Grinder


Innate Abilities, Weirdness & Mutations

Your flesh is cold resistant. (rC+)
You regenerate health from kills.


Message History

Pain shoots through your body!
You closely miss Grinder.
Grinder is moderately wounded.
Grinder hits you.
You writhe in agony.
You closely miss Grinder.
Grinder is moderately wounded.
Grinder hits you but does no damage. Grinder gestures at you.
Pain shoots through your body!
You slash Grinder!
Grinder is heavily wounded.
Grinder hits you.
You writhe in agony.
Grinder hits you.
* * * LOW HITPOINT WARNING * * *
You writhe in agony.
* * * LOW HITPOINT WARNING * * *
You barely miss Grinder.
Grinder is heavily wounded.
Grinder gestures at you. Pain shoots through your body!
You die...

#...#####.###.# #...........
#.......#.# #.# ####........
#...###.#.# #.# #........
#.......#.###.#######........
#.#######.......(............
#>...........................
#######.####.(..#####......##
#.# #..†.....# ##.... #..
+.@5.....# #####..).....#
#........# #.......[#
.........# ..........#
...........# %(....#######


You could see Grinder.

Vanquished Creatures
  An orc wizard (D:2)
  Jessica (D:3)
  A gnoll (D:1)
  4 adders (D:2)
  An ooze (D:2)
  A worm (D:2)
  4 leopard geckos
  3 orcs (D:2)
  5 bats
  6 goblins
  9 hobgoblins
  11 jackals
  2 quokkas
  A ball python (D:2)
  A frilled lizard (D:1)
  8 kobolds
  8 rats
67 creatures vanquished.

Vanquished Creatures (others)
  A lurking horror (Abyss:1)
1 creature vanquished.

Grand Total: 68 creatures vanquished

Notes
Turn   | Place    | Note
-------+----------+-------------------------------------------
     0 | Abyss:1  | Borgoz the Demonspawn Abyssal Knight began the quest for the Orb.
     0 | Abyss:1  | Reached XP level 1. HP: 18/18 MP: 2/2
    55 | Abyss:1  | Noticed a large abomination
    56 | D:1      | Escaped the Abyss
   111 | D:1      | Reached skill level 1 in Dodging
   180 | D:1      | Gained mutation: Your flesh is cold resistant. (rC+) [demonic ancestry]
   180 | D:1      | Reached XP level 2. HP: 7/24 MP: 4/4
   411 | D:1      | Reached * piety under Lugonu
   987 | D:2      | Gained mutation: You regenerate a little health from kills. [demonic ancestry]
   987 | D:2      | Reached XP level 3. HP: 29/29 MP: 5/5
  1094 | D:2      | Gained mutation: You regenerate health from kills. [demonic ancestry]
  1094 | D:2      | Reached XP level 4. HP: 21/35 MP: 6/6
  1194 | D:2      | Reached ** piety under Lugonu
  1332 | D:2      | Reached XP level 5. HP: 33/42 MP: 7/7
  1583 | D:3      | Noticed Jessica
  1596 | D:3      | Killed Jessica
  1813 | D:3      | Noticed Grinder
  1824 | D:3      | Paralysed by Grinder for 4 turns
  1842 | D:3      | Killed from afar by Grinder

Vault maps used:
D:1:      nicolae_arrival_washed_ashore
D:3:      first_ration, ashenzari_altar_1, uniq_jessica, uniq_grinder
Abyss:1:  hangedman_steaming_rock

Skill      XL: |  1  2  3  4 |
---------------+-------------+-----
Dodging        | 1 2 |  2.1
Axes           | 2 |  2.9
Armour         | 2 |  2.6
Invocations    | 3 |  3.7
Fighting       | |  3.8

Action                   |  1- 3 |  4- 6 || total
-------------------------+-------+-------++-------
Melee: Hand axe          |   107 |   136 ||   243
Invok: Depart the Abyss  |     1 |       ||     1
  Use: Potion            |     1 |     2 ||     3
       Scroll            |       |     3 ||     3
 Stab: Invisible         |     4 |     4 ||     8
  Eat: Chunk             |     1 |     2 ||     3
Armor: Leather armour    |    70 |    70 ||   140
Dodge: Dodged            |   116 |   143 ||   259

Table legend:
 A = Spawn XP
 B = Non-spawn XP
 C = Spawn XP percentage of total XP
 D = Spawn monster count
 E = Non-spawn monster count
 F = Spawn count percentage of total count
 G = Total turns spent on level
                    A         B        C        D         E        F      G
               +---------+---------+-------+---------+---------+-------+---------
         Total |       0 |     263 |   0.0 |       0 |      67 |   0.0 |  1842
               +---------+---------+-------+---------+---------+-------+---------
           D:1 |       0 |      38 |   0.0 |       0 |      15 |   0.0 |   928
           D:2 |       0 |     167 |   0.0 |       0 |      38 |   0.0 |   595
           D:3 |       0 |      58 |   0.0 |       0 |      14 |   0.0 |   263
               +---------+---------+-------+---------+---------+-------+---------
